 Dungeon Crawl Stone Soup version 0.30.1 (webtiles) character file.

Game seed: 3445067576053725556

1 Gabide the Trooper (level 1, -3/18 HPs)
             Began as a Mummy Berserker on July 11, 2023.
             Was a Follower of Trog.
             Slain by a hobgoblin (5 damage)
             ... on level 1 of the Dungeon.
             The game lasted 00:00:41 (57 turns).

Gabide the Trooper (Mummy Berserker)                  Turns: 57, Time: 00:00:41

Health: -3/18      AC:  2    Str: 20    XL:     1   Next: 16%
Magic:  1/1        EV: 12    Int:  6    God:    Trog [*.....]
Gold:   0          SH:  0    Dex: 11    Spells: 0/0 levels left

rFire   x .          .
                       - Unarmed
rCold   + . .        (no shield)
rNeg    + + +        a - +0 animal skin
rPois   ∞            (no helmet)
rElec   .            (no cloak)
rCorr   .            (no gloves)
SInv    .            (no boots)
Will    .....        (no amulet)
Stlth   +            (no ring)
HPRegen 0.23/turn    (no ring)
MPRegen 0.07/turn

%: faith
@: no status effects
A: cold resistance 1, negative energy resistance 3, torment resistance 2, heat
vulnerability 1, no potions, faith
a: Renounce Religion


You were on level 1 of the Dungeon.
You worshipped Trog.
Trog was aware of your devotion.
You visited 1 branch of the dungeon, and saw 1 of its levels.

Inventory:

Armour
 a - a +0 animal skin (worn)
Scrolls
 b - a scroll of poison {unknown}
 c - a scroll of identify {unknown}


   Skills:
 + Level 3.0 Fighting
 + Level 1.5 Armour
 + Level 1.5 Dodging
 * Level 2.4 Unarmed Combat


You couldn't memorise any spells.
You didn't know any spells.
Your spell library was empty.

Dungeon Overview and Level Annotations

Branches:
Dungeon (1/15)

Altars:


Innate Abilities, Weirdness & Mutations

You are immune to poison.
Your flesh is cold resistant. (rC+)
You are immune to negative energy. (rN+++)
You are immune to unholy pain and torment.
You are vulnerable to heat. (rF-)
You do not drink.
You have a special connection with the divine. (Faith)


Message History

A hobgoblin comes into view.
You completely miss the quokka. The quokka closely misses you.
You barely miss the hobgoblin.
The hobgoblin hits you but does no damage.
The quokka bites you. The quokka attacks as you move away!
The quokka bites you.
You hit the quokka.
The quokka is almost dead.
The quokka twitches its whiskers.
The quokka barely misses you. The quokka misses you.
You closely miss the quokka.
The quokka is almost dead.
The quokka bites you but does no damage.
You closely miss the quokka.
The quokka is almost dead.
The quokka misses you.
You miss the quokka. You punch the quokka.
You kill the quokka!
Trog accepts your kill.
You closely miss the hobgoblin. The hobgoblin barely misses you.
You completely miss the hobgoblin. The hobgoblin hits you.
You hit the hobgoblin.
The hobgoblin is almost dead.
The hobgoblin completely misses you.
You barely miss the hobgoblin.
The hobgoblin is almost dead.
The hobgoblin misses you. The hobgoblin closely misses you.
You hit the hobgoblin but do no damage.
The hobgoblin is almost dead.
The hobgoblin hits you. x2
* * * LOW HITPOINT WARNING * * *
The hobgoblin attacks as you move away! The hobgoblin hits you.
* * * LOW HITPOINT WARNING * * *
You hit the hobgoblin but do no damage.
The hobgoblin is severely wounded.
The hobgoblin closely misses you.
You closely miss the hobgoblin.
The hobgoblin is severely wounded.
The hobgoblin hits you.
You die...

..####... .#.# ..#
~..#.....#.##..g# ..#
~....~..8# ...#..# ..#
~~..~...## #..#..#..#
~~~~.....# #...#...#
..~~~~.... #.#..#..#
<..~~~~~.. #..#..#.#
..~~~~.... #...#g..#
~~~~.....# #.#.@#..#
~~..~...## #..#..#.#
~....~..8# #...#...#
~..#.....## #.#..#..##
..####....# #..#..#..#
.#######..####.......#
.....................#
###########.####.#####
#.# .#


You could see a hobgoblin.

Vanquished Creatures
  A quokka (D:1)
1 creature vanquished.

Notes
Turn   | Place    | Note
-------+----------+-------------------------------------------
     0 | D:1      | Gabide the Mummy Berserker began the quest for the Orb.
     0 | D:1      | Reached XP level 1. HP: 18/18 MP: 1/1
    57 | D:1      | Slain by a hobgoblin

Illustrated notes

Levels and vault maps discovered:
D:1:      eino_arrival_water_star, layout_basic, serial_co_window_serial,
          co_window_paths_a, co_window_paths_b, co_window_paths_a,
          co_window_paths_a, co_window_of_opportunity_a, co_window_paths_a,
          co_window_paths_a, co_window_unsneaky_path_b,
          co_window_of_opportunity_b, co_window_corner_ca, co_window_corner_b,
          co_window_broadway_c, co_window_broadway_c, glass_columns_a,
          glass_columns_a, glass_columns_b, serial_shops,
          nicolae_shop_back_alley_shop, shapermc_ecumenical_altar_totnotflames,
          minmay_misc_feat_diagonals

Action                     || total
---------------------------++-------
  Melee: Unarmed           ||    13
         Punch             ||     1
 Armour: Animal skin       ||     2
  Dodge: Dodged            ||     9
